 Dungeon Crawl Stone Soup version 0.28.0-53-g5a82cb258f (webtiles) character file.

Game seed: 5525374132802045902

2142 pkoi the Digger (level 8, -5/57 HPs)
             Began as a Demigod Earth Elementalist on May 27, 2022.
             Slain by a vampire
             ... wielding a +0 halberd
              (11 damage)
             ... on level 7 of the Dungeon.
             The game lasted 00:10:42 (9630 turns).

pkoi the Digger (Demigod Earth Elementalist)        Turns: 9630, Time: 00:10:43

Health: -5/57      AC:  5    Str:  9    XL:     8   Next: 83%
Magic:  19/23      EV: 11    Int: 25    God:
Gold:   414        SH:  0    Dex: 14    Spells: 3/11 levels left

rFire   . . .      SeeInvis .   f - +1 dagger
rCold   + . .      Faith    .   (no shield)
rNeg    . . .      Spirit   .   p - +0 leather armour {rC+}
rPois   .          Reflect  .   (no helmet)
rElec   .          Harm     .   h - +0 cloak
rCorr   .          Rampage  .   o - +0 pair of gloves
Will    .....                   (no boots)
Stlth   ++........              (no amulet)
HPRegen 0.19/turn               g - ring of magical power
MPRegen 0.18/turn               r - +4 ring of slaying

@: no status effects
A: high MP 1, forlorn, divine attributes
a: no special abilities


You were on level 7 of the Dungeon.
You visited 2 branches of the dungeon, and saw 8 of its levels.

You collected 414 gold pieces.

Inventory:

Hand Weapons
 f - a +1 dagger (weapon)
 i - a +0 spear
Missiles
 c - 150 stones
 k - 13 poisoned darts
Armour
 b - a +0 robe
 h - a +0 cloak (worn)
 o - a +0 pair of gloves (worn)
 p - a +0 leather armour of cold resistance (worn)
Jewellery
 g - a ring of magical power (left hand)
 n - an amulet of the acrobat
 r - a +4 ring of slaying (right hand)
 t - a ring of poison resistance
Wands
 m - a wand of acid (5)
 q - a wand of digging (6)
Scrolls
 a - 2 scrolls of teleportation
Potions
 d - a potion of resistance
 e - 2 potions of curing
 j - a potion of brilliance {unknown}
 l - 2 potions of flight
 s - a potion of berserk rage {unknown}


   Skills:
 + Level 4.3 Armour
 - Level 1.7 Dodging
 - Level 1.7 Stealth
 - Level 2.0 Spellcasting
 + Level 6.1 Conjurations
 + Level 4.5 Transmutations
 + Level 6.7 Earth Magic


You had 3 spell levels left.
You knew the following spells:

 Your Spells              Type           Power      Damage    Failure   Level
a - Sandblast             Erth           72%        2d16      1%          1
b - Stone Arrow           Conj/Erth      68%        3d11      3%          3
c - Petrify               Tmut/Erth      30%        N/A       14%         4

Your spell library contained the following spells:

 Spells                   Type           Power      Damage    Failure   Level
 Beastly Appendage        Tmut           50%        N/A       2%          1
 Passwall                 Tmut/Erth      25%        N/A       2%          2
 Wereblood                Tmut           25%        N/A       3%          2
 Mephitic Cloud           Conj/Pois/Air  12%        N/A       21%         3
 Sublimation of Blood     Necr           2%         N/A       22%         2
 Ignite Poison            Fire/Tmut/Pois 10%        N/A       24%         3
 Alistair's Intoxication  Tmut/Pois      9%         N/A       86%         5
 Freezing Cloud           Conj/Ice/Air   6%         6-21      88%         5
 Statue Form              Tmut/Erth      20%        N/A       92%         6
 Summon Hydra             Summ           1%         N/A       100%        7
 Maxwell's Capacitive Co  Air            1%         ∞         100%        8


Dungeon Overview and Level Annotations

Branches:
Dungeon (7/15)             Temple (1/1) D:5


Innate Abilities, Weirdness & Mutations

You have an increased reservoir of magic. (+10% MP)
You shall have no god before yourself.
Your divine heritage dramatically boosts your attributes as you level up.


Message History

You feel less confused.
The vampire hits you from afar with a +0 halberd.
* * * LOW HITPOINT WARNING * * *
You hit the orc wizard.
The orc wizard is lightly wounded.
The vampire hits you from afar with a +0 halberd!
* * * LOW HITPOINT WARNING * * *
The orc wizard barely misses you.
Aiming: Sandblast (safe; 1% risk of failure)
Press: ? - help, Q - select action, (/) - cycle Shift-Dir - straight line, f - orc wizard
Aim: an orc wizard, wielding a +0 hand axe, wearing a +0 robe and wearing a ring of protection from fire (lightly wounded, 77% to hit)
The blast of sand misses the orc wizard.
The vampire barely misses you. The orc wizard barely misses you.
Unknown command.
Aiming: Sandblast (safe; 1% risk of failure)
Press: ? - help, Q - select action, (/) - cycle Shift-Dir - straight line, f/p - orc wizard
Aim: an orc wizard, wielding a +0 hand axe, wearing a +0 robe and wearing a ring of protection from fire (lightly wounded, 77% to hit)
The blast of sand misses the orc wizard.
The vampire hits you from afar with a +0 halberd.
* * * LOW HITPOINT WARNING * * *
The orc wizard hits you but does no damage.
Unknown command.
Aiming: Sandblast (safe; 1% risk of failure)
Press: ? - help, Q - select action, (/) - cycle Shift-Dir - straight line, f/p - orc wizard
Aim: an orc wizard, wielding a +0 hand axe, wearing a +0 robe and wearing a ring of protection from fire (lightly wounded, 77% to hit)
The blast of sand hits the orc wizard!
The orc wizard is almost dead.
The vampire hits you from afar with a +0 halberd!
* * * LOW HITPOINT WARNING * * *
The orc wizard hits you but does no damage.
Unknown command.
Aiming: Sandblast (safe; 1% risk of failure)
Press: ? - help, Q - select action, (/) - cycle Shift-Dir - straight line, f/p - orc wizard
Aim: an orc wizard, wielding a +0 hand axe, wearing a +0 robe and wearing a ring of protection from fire (almost dead, 77% to hit)
The blast of sand hits the orc wizard!
You kill the orc wizard!
The vampire barely misses you.
Unknown command.
The vampire hits you from afar with a +0 halberd!
You die...

#. #.. #.. #
.. .# .#
#.#.# #(
#.#.. #V##
#.:#.#
#$?##(.##.#
##.@.###.#
#..####....#
#......#.##
###.#....#
#.....)#
######)# #<#
#.# #.#


You could see a vampire.

Vanquished Creatures
  Sigmund (D:6)
  2 water moccasins
  A black bear (D:6)
  An ice beast (D:7)
  3 ogres
  A sky beast (D:7)
  2 centaurs
  A phantom (D:5)
  A kobold brigand (D:7)
  3 bullfrogs
  3 wights (D:6)
  2 howler monkeys
  3 hounds
  A jelly (D:4)
  A bullfrog skeleton (D:7)
  2 iguanas
  3 orc wizards
  8 gnolls
  9 adders
  A shadow imp (D:6)
  4 white imps
  An adder skeleton (D:4)
  2 worms (D:2)
  A dart slug (D:3)
  14 orcs
  4 bats
  7 endoplasms
  2 giant cockroaches
  5 hobgoblins
  8 jackals
  2 quokkas
  10 ball pythons
  3 frilled lizards
  3 goblins
  3 kobolds
  2 rats
120 creatures vanquished.

Notes
Turn   | Place    | Note
-------+----------+-------------------------------------------
     0 | D:1      | pkoi the Demigod Earth Elementalist began the quest for the
                  | Orb.
     0 | D:1      | Reached XP level 1. HP: 14/14 MP: 5/5
   377 | D:1      | Reached XP level 2. HP: 18/20 MP: 4/7
  1207 | D:2      | Reached XP level 3. HP: 25/26 MP: 8/8
  1276 | D:2      | Learned a level 3 spell: Stone Arrow
  1599 | D:2      | Reached skill level 1 in Conjurations
  1662 | D:2      | Reached XP level 4. HP: 25/33 MP: 9/9
  2701 | D:3      | Got the Grimoire of Gliding Moulding
  3338 | D:4      | Noticed an ogre
  4301 | D:4      | Reached XP level 5. HP: 23/38 MP: 10/10
  5022 | D:4      | Killed an ogre
  5023 | D:4      | Reached XP level 6. HP: 45/45 MP: 12/12
  5167 | D:4      | Learned a level 4 spell: Petrify
  5197 | D:4      | Reached skill level 1 in Transmutations
  5585 | D:5      | Entered Level 5 of the Dungeon
  6205 | D:5      | Reached skill level 5 in Earth Magic
  6286 | D:5      | Reached skill level 1 in Armour
  6783 | D:5      | Found a staircase to the Ecumenical Temple.
  7128 | D:5      | Reached XP level 7. HP: 50/50 MP: 13/13
  7260 | Temple   | Entered the Ecumenical Temple
  8337 | D:6      | Noticed Sigmund
  8339 | D:6      | Killed Sigmund
  8340 | D:6      | Reached skill level 5 in Conjurations
  8404 | D:6      | Reached XP level 8. HP: 57/57 MP: 11/14
  9630 | D:7      | Slain by a vampire

Illustrated notes

Levels and vault maps discovered:
D:1:      shiori_arrival_maze, layout_loops_ring,
          hellmonk_ecumenical_altar_run_dry, minmay_tetromino_t2
D:2:      layout_basic
D:3:      layout_rooms, kennysheep_generic_room_9
D:4:      layout_gridville, kennysheep_small_spiral, grunt_decor_resistance
D:5:      layout_layer_cave, temple_pool_b
D:6:      layout_rooms, nicolae_overflow_crystal_walls, minmay_misc_feat_five,
          nicolae_fountain_basement, uniq_sigmund
D:7:      layout_loops_ring, enter_bailey_5, minmay_alternating_orb
Temple:   mainiacjoe_temple_archimedes_tessellation

Skill      XL: |  1  2  3  4  5  6  7  8 |
---------------+-------------------------+-----
Earth Magic    | 3 4 5 6 |  6.7
Conjurations   | 2 3 4 5 6 |  6.1
Spellcasting   | 2 |  2.0
Transmutations | 2 3 4 |  4.5
Armour         | 1 3 4 |  4.3
Dodging        | |  1.7
Stealth        | |  1.7

Action                   |  1- 3 |  4- 6 |  7- 9 || total
-------------------------+-------+-------+-------++-------
Melee: Unarmed           |     2 |       |       ||     2
       Dagger            |       |    87 |     3 ||    90
       Punch             |       |     1 |       ||     1
 Cast: Sandblast         |    53 |    35 |    29 ||   117
       Stone Arrow       |       |    39 |    50 ||    89
  Use: Scroll            |       |    11 |       ||    11
       Potion            |       |     1 |       ||     1
 Stab: Sleeping          |       |     1 |       ||     1
Armor: Robe              |     4 |    22 |       ||    26
       Leather armour    |       |     6 |    16 ||    22
Dodge: Dodged            |    17 |    72 |    35 ||   124
